 Dungeon Crawl Stone Soup version 0.20-a0-795-ga03948b (webtiles) character file.

4489 4thArraOfDagon the Carver (level 10, -5/91 HPs)
             Began as a Naga Wanderer on Mar 1, 2017.
             Was an Elder of Okawaru.
             Slain by a two-headed ogre
             ... wielding a +0 giant spiked club
              (11 damage)
             ... on level 10 of the Dungeon.
             The game lasted 00:32:11 (4809 turns).

4thArraOfDagon the Carver (Naga Wanderer)           Turns: 4809, Time: 00:32:12

Health: -5/91      AC: 16    Str: 14    XL:     10   Next: 38%
Magic:  12/14      EV: 10    Int: 16    God:    Okawaru [****..]
Gold:   569        SH:  0    Dex: 11    Spells: 1/9 levels left

rFire    . . .     SeeInvis +   G - +0 dagger (venom)
rCold    . . .     Gourm    .   x - +1 chain mail of Temperance {+Blink rPois Slay+2}
rNeg     . . .     Faith    .   (no shield)
rPois    +         Spirit   .   (helmet restricted)
rElec    .         Reflect  .   H - +1 cloak
rCorr    +         Harm     .   c - +1 pair of gloves
MR       +....     Clarity  +   (no barding)
Stlth    ++........             k - amulet of regeneration
Regen    0.7/turn               l - ring of stealth
MPRegen  0.2/turn               p - ring of resist corrosion

@: heroism, slowed, very slow
A: horns 1, repulsion field 1, see invisible, clarity, deformed body, poison
resistance, slowness 2, slow metabolism 1, spit poison 1, AC +3
a: Spit Poison, Heroism, Renounce Religion, Evoke Blink


You were on level 10 of the Dungeon.
You worshipped Okawaru.
Okawaru was greatly pleased with you.
You were not hungry.

You visited 2 branches of the dungeon, and saw 12 of its levels.
You also visited: Labyrinth and Ossuary.

You collected 569 gold pieces.

Inventory:

Hand Weapons
 a - a +2 dagger
 d - a +0 falchion
 G - a +0 dagger of venom (weapon)
Armour
 c - a +1 pair of gloves (worn)
 e - a +0 robe
 g - a +0 ring mail
 x - the +1 chain mail of Temperance (worn) {+Blink rPois Slay+2}
   (You found it on level 7 of the Dungeon)

   It affects your accuracy and damage with ranged weapons and melee attacks
   (+2).
   It protects you from poison.
   It lets you blink.
 A - a +1 robe of cold resistance
 E - a +0 troll leather armour
 H - a +1 cloak (worn)
Magical Staves
 B - an uncursed staff of earth {unknown}
Jewellery
 h - an uncursed ring of flight
 k - an amulet of regeneration (around neck)
 l - a ring of stealth (right hand)
 p - a ring of resist corrosion (left hand)
 F - an uncursed ring of wizardry
Wands
 w - a wand of confusion (3/48)
 D - a wand of lightning (0/15)
Scrolls
 b - a scroll of blinking
 q - 3 scrolls of teleportation
 r - 3 scrolls of enchant armour
 v - a scroll of enchant weapon {unknown}
 y - a scroll of immolation
 z - a scroll of remove curse
 C - a scroll of identify
Potions
 m - 2 potions of curing
 n - a potion of degeneration
 o - a potion of ambrosia
 s - a potion of lignification
 t - a potion of agility
 u - 3 potions of brilliance
Books
 I - the Grimoire of Enchantment
   (You found it in a labyrinth)

   Spells                             Type                      Level
   a - Confusing Touch                Hexes                        1
   b - Spectral Weapon                Hexes/Charms                 3
   c - Cause Fear                     Hexes                        4
   d - Leda's Liquefaction            Hexes/Earth                  4
   e - Silence                        Hexes/Air                    5
   f - Discord                        Hexes                        8
Comestibles
 f - 7 bread rations
 i - 4 meat rations
 j - 7 royal jellies


   Skills:
 + Level 5.7(10.7) Fighting
 * Level 9.7(14.7) Long Blades
 + Level 5.2(10.2) Armour
 + Level 5.2(10.2) Dodging
 - Level 5.8(10.8) Stealth
 + Level 5.3 Invocations
 - Level 1.0 Evocations


You had one spell level left.
You knew the following spells:

 Your Spells              Type           Power        Failure   Level  Hunger
a - Regeneration          Chrm/Necr      #.........   100%        3    ####...
b - Spectral Weapon       Hex/Chrm       #.......     100%        3    ####...
c - Song of Slaying       Chrm           #.......     100%        2    ###....


Dungeon Overview and Level Annotations

Branches:
Dungeon (11/15)            Temple (1/1) D:4            Lair (0/6) D:8
    Orc: D:9-12

Altars:
Cheibriados
Dithmenos
Elyvilon
Gozag
Hepliaklqana
Makhleb
Nemelex Xobeh
Okawaru
Qazlal
Ru
Trog
Uskayaw
Vehumet
Wu Jian
Xom
Yredelemnul
Zin

Shops:
D:6 [

Annotations:
D:10 Gastronok


Innate Abilities, Weirdness & Mutations

You cannot wear boots.
Your serpentine skin is tough. (AC +3)
You have supernaturally acute eyesight. (SInv)
Armour fits poorly on your strangely shaped body.
Your system is resistant to poisons. (rPois)
You cover ground very slowly.
You have a slow metabolism.
You can spit poison.
You have a pair of small horns on your head.
You are surrounded by a mild repulsion field. (EV +2)
You possess an exceptional clarity of mind.


Message History

The two-headed ogre barely misses you.
The two-headed ogre hits you with a giant club!
There is an open door, spattered with blood here.
You feel like a meek peon again.
Evoke which item? (* to show all) (? for menu, Esc to quit)
Aiming: Lightning Bolt (will waste charges)
Press: ? - help, Shift-Dir - straight line, p - two-headed ogre Nothing appears to happen.
The two-headed ogre hits you but does no damage.
The two-headed ogre hits you with a giant club!
You gain the combat prowess of a mighty hero.
The two-headed ogre hits you with a giant spiked club!!
* * * LOW HITPOINT WARNING * * *
The two-headed ogre hits you with a giant club!
* * * LOW HITPOINT WARNING * * *
The two-headed ogre hits you with a giant spiked club!
* * * LOW HITPOINT WARNING * * *
The two-headed ogre barely misses you.
The two-headed ogre hits you with a giant spiked club!
You die...

...$....?..w.....#..........
.................#'######...
.................#.....##...
.................#......#...
.................#......#...
.................#......#...
.................###########
################'#.......
#...........'.@O.†.......
#...........#....#.......
#...........#....#.......
#..........##..<.#.......
#...###..>.##+###########
#...###....##.
#..............
#...............
#..........#####


You could see a two-headed ogre.

Vanquished Creatures
  2 two-headed ogres (D:11)
  A centaur zombie (D:8)
  Joseph (D:7)
  A troll (D:10)
  A hornet (D:7)
  2 hippogriffs
  A wyvern (D:11)
  A hungry ghost (D:11)
  Duvessa (D:7)
  2 sky beasts
  3 ogres
  A bullfrog (D:6)
  Dowan (D:7)
  2 scorpions
  3 killer bees (D:8)
  A crimson imp (D:7)
  A bullfrog zombie (D:8)
  An orc priest (D:5)
  A jelly (D:6)
  5 hounds
  An orc wizard (D:5)
  Terence (D:3)
  3 worker ants
  A killer bee zombie (D:8)
  8 mummies (Ossuary)
  A gnoll (D:6)
  2 adders
  3 shadow imps
  2 worms
  A dart slug (D:2)
  4 leopard geckos
  10 orcs
  3 ball pythons
  6 bats
  4 giant cockroaches
  10 goblins
  9 hobgoblins
  4 jackals
  A quokka (D:4)
  2 frilled lizards
  2 gnoll zombies (Ossuary)
  2 hobgoblin zombies (Ossuary)
  5 kobolds
  3 kobold zombies (Ossuary)
  A leopard gecko zombie (D:7)
  An orc zombie (Ossuary)
  8 rats
130 creatures vanquished.

Notes
Turn   | Place    | Note
-------+----------+-------------------------------------------
     0 | D:1      | 4thArraOfDagon the Naga Wanderer began the quest for the Orb.
     0 | D:1      | 4thArraOfDagon set off with: a +2 dagger, a scroll of blinking, a +0 spear, a +0 falchion, a +0 robe, a bread ration
     0 | D:1      | Reached XP level 1. HP: 22/22 MP: 1/1
   102 | D:2      | Reached skill level 2 in Long Blades
   102 | D:2      | Reached XP level 2. HP: 17/30 MP: 2/2
   298 | D:4      | Found a staircase to the Ecumenical Temple.
   298 | D:4      | Noticed a crimson imp
   323 | Temple   | Entered the Ecumenical Temple
   348 | Temple   | Became a worshipper of Warmaster Okawaru
   391 | D:3      | Reached XP level 3. HP: 26/36 MP: 3/3
   398 | D:3      | Noticed Terence
   561 | D:1      | Reached skill level 3 in Long Blades
  1001 | D:3      | Reached XP level 4. HP: 40/44 MP: 4/4
  1141 | D:3      | Killed Terence
  1141 | D:3      | Reached skill level 1 in Armour
  1141 | D:3      | Reached skill level 1 in Dodging
  1567 | D:4      | Reached XP level 5. HP: 26/50 MP: 5/5
  1572 | D:4      | Reached skill level 4 in Long Blades
  1609 | D:4      | HP: 1/50 [shadow imp/nerve-wracking pain (9)]
  1614 | D:5      | Entered Level 5 of the Dungeon
  1614 | D:5      | Noticed an ogre
  1651 | D:5      | Killed an ogre
  1651 | D:5      | Reached skill level 1 in Invocations
  1651 | D:5      | Reached XP level 6. HP: 17/57 MP: 5/7
  1982 | D:5      | Found a sacrificial altar of Ru.
  2205 | D:6      | Found a shimmering altar of Xom.
  2206 | D:6      | Found a shimmering altar of Xom.
  2207 | D:6      | Found a shimmering altar of Xom.
  2208 | D:6      | Found a shimmering altar of Xom.
  2229 | D:6      | Found a sand-covered staircase.
  2235 | Ossuary  | Entered an ossuary
  2300 | Ossuary  | Gained mutation: You are agile. (Dex +2) [potion of mutation]
  2300 | Ossuary  | Gained mutation: Your tail ends in a poisonous barb. [potion of mutation]
  2311 | Ossuary  | Reached * piety under Okawaru
  2470 | Ossuary  | Reached skill level 5 in Long Blades
  2546 | Ossuary  | Lost mutation: You are agile. (Dex +2) [potion of mutation]
  2546 | Ossuary  | Lost mutation: Your tail ends in a poisonous barb. [potion of mutation]
  2546 | Ossuary  | Gained mutation: You are agile. (Dex +2) [potion of mutation]
  2546 | Ossuary  | Gained mutation: Your movements are slightly less encumbered by armour. (ER -2) [potion of mutation]
  2553 | Ossuary  | Lost mutation: You are agile. (Dex +2) [potion of mutation]
  2553 | Ossuary  | Lost mutation: Your movements are slightly less encumbered by armour. (ER -2) [potion of mutation]
  2553 | Ossuary  | Gained mutation: You are robust. (+10% HP) [potion of mutation]
  2553 | Ossuary  | Gained mutation: You are resistant to electric shocks. (rElec) [potion of mutation]
  2606 | D:6      | Reached XP level 7. HP: 46/70 MP: 8/8
  2791 | D:7      | Noticed a hippogriff
  2798 | D:7      | Killed a hippogriff
  2798 | D:7      | Reached ** piety under Okawaru
  2798 | D:7      | Reached skill level 6 in Long Blades
  2834 | D:6      | Reached XP level 8. HP: 79/79 MP: 10/10
  2837 | D:6      | Found Luobellu's Armour Shop.
  2891 | D:7      | Got an encrusted chain mail
  2902 | D:7      | Identified the +1 chain mail of Temperance {+Blink rPois Slay+2} (You found it on level 7 of the Dungeon)
  2985 | D:7      | Noticed a hornet
  3007 | D:7      | Paralysed by a hornet for 2 turns
  3058 | D:7      | Killed a hornet
  3076 | D:7      | Lost mutation: You are robust. (+10% HP) [potion of mutation]
  3076 | D:7      | Lost mutation: You are resistant to electric shocks. (rElec) [potion of mutation]
  3076 | D:7      | Gained mutation: You have a pair of small antennae on your head. [potion of mutation]
  3091 | D:7      | Noticed Joseph
  3116 | D:7      | Killed Joseph
  3116 | D:7      | Reached skill level 7 in Long Blades
  3181 | D:7      | Noticed Duvessa
  3207 | D:7      | Killed Duvessa
  3214 | D:7      | Noticed Dowan
  3229 | D:7      | Killed Dowan
  3229 | D:7      | Reached XP level 9. HP: 78/78 MP: 9/12
  3302 | D:8      | Reached *** piety under Okawaru
  3352 | D:8      | Reached skill level 5 in Invocations
  3439 | D:8      | Found a white marble altar of Elyvilon.
  3450 | D:8      | Found a staircase to the Lair.
  3452 | D:8      | Lost mutation: You have a pair of small antennae on your head. [potion of mutation]
  3452 | D:8      | Gained mutation: You have a pair of small horns on your head. [potion of mutation]
  3452 | D:8      | Gained mutation: You possess an exceptional clarity of mind. [potion of mutation]
  3452 | D:8      | Gained mutation: You are surrounded by a mild repulsion field. (EV +2) [potion of mutation]
  3589 | D:8      | Reached skill level 8 in Long Blades
  3642 | D:8      | Reached **** piety under Okawaru
  3731 | D:10     | Entered Level 10 of the Dungeon
  3773 | D:10     | Noticed a troll
  3782 | D:10     | Killed a troll
  3802 | D:10     | Noticed Gastronok
  3832 | D:11     | Noticed a two-headed ogre
  3847 | D:11     | Killed a two-headed ogre
  3847 | D:11     | Reached skill level 5 in Fighting
  3847 | D:11     | Reached skill level 9 in Long Blades
  3847 | D:11     | Reached skill level 5 in Armour
  3847 | D:11     | Reached skill level 5 in Dodging
  3847 | D:11     | Reached XP level 10. HP: 26/88 MP: 10/13
  3908 | D:11     | Found a labyrinth entrance.
  3974 | Lab      | Entered a labyrinth
  4658 | Lab      | Noticed a minotaur
  4676 | Lab      | Identified the Grimoire of Enchantment
  4709 | D:11     | Learned a level 3 spell: Regeneration
  4713 | D:11     | Learned a level 3 spell: Spectral Weapon
  4716 | D:11     | Learned a level 2 spell: Song of Slaying
  4718 | D:11     | Noticed a two-headed ogre
  4732 | D:11     | HP: 4/88 [two-headed ogre/giant club (7)]
  4733 | D:11     | Killed a two-headed ogre
  4788 | D:10     | Noticed a two-headed ogre
  4809 | D:10     | Slain by a two-headed ogre

Vault maps used:
D:1:      ncdulo_lavacross, minmay_liquid_box
D:2:      kb_forest_paths, minmay_tromino_v4_a
D:3:      first_bread, uniq_terence
D:4:      temple_green, minmay_item_behind_shaft
D:5:      nicolae_ru_great_annihilating_truth
D:6:      lightli_ossuary_entry_decrepit_ruins, serial_shops, shop,
          minmay_tree_intersection, xom_redecorated
D:7:      uniq_joseph, uniq_duvessa
D:8:      lair_entry_dummy, basic_altar
D:9:      uniq_psyche
D:10:     minmay_shrinking_squares, hangedman_abyss_or_decor_jellyfish_corner,
          hangedman_fish_farm, uniq_gastronok
D:11:     lab_entry_generic
Temple:   compressed_dpeg_triangle_lava_temple
Lab:      nicolae_lab_dead_adventurers
Ossuary:  ossuary_tomb_3

Skill      XL: |  1  2  3  4  5  6  7  8  9 |
---------------+----------------------------+-----
Long Blades    | 2 3 4 5 6 7 9 |  9.7
Armour         | 1 2 3 5 |  5.2
Dodging        | 1 2 3 5 |  5.2
Invocations    | 1 2 3 4 5 |  5.3
Fighting       | 5 |  5.7
Stealth        | |  5.8
Evocations     | |  1.0

Action                   |  1- 3 |  4- 6 |  7- 9 | 10-12 || total
-------------------------+-------+-------+-------+-------++-------
Melee: Dagger            |   102 |    72 |     9 |    10 ||   193
       Falchion          |       |   129 |   303 |    24 ||   456
       Tailslap          |       |    11 |       |       ||    11
       Headbutt          |       |       |    27 |     6 ||    33
Invok: Heroism           |       |       |    10 |     5 ||    15
 Abil: Spit Poison       |    24 |    23 |    30 |     7 ||    84
Evoke: Wand              |       |       |     7 |     7 ||    14
  Use: Scroll            |     1 |     6 |     4 |       ||    11
       Potion            |       |    10 |     5 |     1 ||    16
 Stab: Sleeping          |     2 |       |     4 |       ||     6
       Paralysed         |       |     2 |       |       ||     2
       Confused          |       |       |     1 |       ||     1
  Eat: Chunk             |     1 |     6 |     4 |     4 ||    15
       Fruit             |       |       |     2 |     3 ||     5
Armor: Ring mail         |    32 |    41 |    33 |       ||   106
       Chain mail        |       |       |   147 |    14 ||   161
       Skin              |       |       |    16 |       ||    16
Dodge: Dodged            |    40 |    75 |    96 |    18 ||   229
       Rpst.: Falchion   |       |    24 |    28 |     3 ||    55
